 Dungeon Crawl Stone Soup version 0.20-a0-901-g27f6fa8 (webtiles) character file.

123 Hook the Skirmisher (level 5, -9/47 HPs)
             Began as a Hill Orc Fighter on Mar 19, 2017.
             Was an Initiate of Beogh.
             Killed by nerve-wracking pain
             ... invoked by Grinder
              (14 damage)
             ... on level 4 of the Dungeon.
             The game lasted 00:06:09 (2050 turns).

Hook the Skirmisher (Hill Orc Fighter)              Turns: 2050, Time: 00:06:09

Health: -9/47      AC:  7    Str: 20    XL:     5   Next: 7%
Magic:  5/5        EV:  7    Int:  8    God:    Beogh [......]
Gold:   104        SH:  9    Dex: 10    Spells: 4/4 levels left

rFire    + . .     SeeInvis .   a - +0 war axe
rCold    . . .     Gourm    .   b - +0 scale mail
rNeg     . . .     Faith    .   c - +0 shield
rPois    .         Spirit   .   (no helmet)
rElec    .         Reflect  .   (no cloak)
rCorr    .         Harm     .   (no gloves)
MR       .....                  (no boots)
Stlth    ..........             (no amulet)
Regen    0.2/turn               j - ring of fire
MPRegen  0.1/turn               m - ring of protection from cold

@: no status effects
A: no striking features
a: Renounce Religion


You were on level 4 of the Dungeon.
You worshipped Beogh.
Beogh was noncommittal.
You were not hungry.

You visited 1 branch of the dungeon, and saw 4 of its levels.

You collected 104 gold pieces.

Inventory:

Hand Weapons
 a - a +0 war axe (weapon)
Armour
 b - a +0 scale mail (worn)
 c - a +0 shield (worn)
Jewellery
 j - a ring of fire (right hand)
 m - a ring of protection from cold (left hand)
 B - an uncursed ring of flight
Wands
 w - a wand of acid (5/15)
Scrolls
 i - a scroll of noise {unknown}
 k - 2 scrolls of recharging {unknown}
 l - 2 scrolls of remove curse {unknown}
 p - a scroll of magic mapping {unknown}
 q - a scroll of enchant armour {unknown}
 s - 2 scrolls of enchant weapon {unknown}
 t - 2 scrolls of immolation {unknown}
 u - a scroll of amnesia {unknown}
 v - a scroll of teleportation {unknown}
 y - 2 scrolls of blinking {unknown}
Potions
 d - 2 potions of might
 e - 3 potions of curing {unknown}
 g - 2 potions of flight {unknown}
 h - a potion of haste {unknown}
 o - 2 potions of magic {unknown}
 r - a potion of heal wounds {unknown}
Books
 C - a book of Changes

   Spells                             Type                      Level
   a - Beastly Appendage              Transmutation                1
   b - Sticks to Snakes               Transmutation                2
   c - Spider Form                    Transmutation/Poison         3
   d - Ice Form                       Ice/Transmutation            4
   e - Blade Hands                    Transmutation                5
Comestibles
 f - 3 bread rations
 A - 2 meat rations


   Skills:
 * Level 4.7 Fighting
 + Level 3.3 Axes
 + Level 4.1 Armour
 * Level 4.5 Shields


You had 4 spell levels left.
You didn't know any spells.

Dungeon Overview and Level Annotations

Branches:
Dungeon (4/15)
 Temple: D:4-7

Altars:
Kikubaaqudgha
Vehumet

Annotations:
D:4 Grinder


Message History

You slash Grinder!
Grinder is moderately wounded.
Grinder hits you.
You writhe in agony.
Grinder gestures at you. Pain shoots through your body!
* * * LOW HITPOINT WARNING * * *
You hit Grinder.
Grinder is heavily wounded.
Grinder gestures at you.
You barely resist. You barely miss Grinder.
Grinder is heavily wounded.
Grinder says, "FISH!"
Grinder hits you!
* * * LOW HITPOINT WARNING * * *
You writhe in agony.
* * * LOW HITPOINT WARNING * * *
Grinder gestures at you. Pain shoots through your body!
You die...

##### ##### #...#
#...######...##
#.....@5.†....#
#..<#####†.##...#
#...# ..## .....
##### ..## ##...#
#.# ##.. .. #.
... ...


You could see Grinder.

Vanquished Creatures
  Terence (D:3)
  2 adders
  An ooze (D:1)
  3 worms
  2 dart slugs
  2 leopard geckos (D:3)
  3 giant cockroaches
  10 goblins
  10 hobgoblins
  3 jackals (D:4)
  2 quokkas (D:3)
  5 bats
  A frilled lizard (D:2)
  7 kobolds
  6 rats
58 creatures vanquished.

Vanquished Creatures (others)
  A leopard gecko (D:3)
  2 bats (D:3)
3 creatures vanquished.

Grand Total: 61 creatures vanquished

Notes
Turn   | Place    | Note
-------+----------+-------------------------------------------
     0 | D:1      | Hook the Hill Orc Fighter began the quest for the Orb.
     0 | D:1      | Reached XP level 1. HP: 19/19 MP: 1/1
   220 | D:1      | Reached XP level 2. HP: 24/27 MP: 2/2
   729 | D:2      | Reached XP level 3. HP: 30/33 MP: 3/3
  1101 | D:3      | Became a worshipper of Beogh the Brigand
  1196 | D:3      | Found a radiant altar of Vehumet.
  1198 | D:3      | Noticed Terence
  1211 | D:3      | Killed Terence
  1211 | D:3      | Reached XP level 4. HP: 38/41 MP: 4/4
  1264 | D:3      | Found an ancient bone altar of Kikubaaqudgha.
  1776 | D:3      | Reached XP level 5. HP: 47/47 MP: 5/5
  2010 | D:4      | Noticed Grinder
  2023 | D:4      | Paralysed by Grinder for 6 turns
  2041 | D:4      | Paralysed by Grinder for 7 turns
  2050 | D:4      | Killed from afar by Grinder

Vault maps used:
D:1:      minmay_arrival_plants_in_alcoves
D:2:      first_bread
D:3:      cheibrodos_greedy_goblins, nicolae_overflow_crystal_walls,
          vehumet_crystals, minmay_crystal_room, uniq_terence
D:4:      uniq_grinder

Skill      XL: |  1  2  3 |
---------------+----------+-----
Axes           | 3 |  3.3
Fighting       | 4 |  4.7
Armour         | 4 |  4.1
Shields        | 4 |  4.5

Action                   |  1- 3 |  4- 6 || total
-------------------------+-------+-------++-------
Melee: War axe           |   104 |    80 ||   184
Invok: Convert to Beogh  |     1 |       ||     1
  Use: Scroll            |     1 |     2 ||     3
  Eat: Chunk             |     1 |     2 ||     3
       Royal jelly       |       |     1 ||     1
Armor: Scale mail        |    51 |    34 ||    85
Dodge: Dodged            |    36 |    19 ||    55
Block: Shield            |    60 |    49 ||   109
